 Dungeon Crawl Stone Soup version 0.27.1-35-g4d5d836560 (webtiles) character file.

Game seed: 12471438011916889947

1736 Delamore the Spear-Bearer (level 9, 0/68 HPs)
             Began as a Formicid Fighter on Apr 16, 2022.
             Succumbed to a killer bee's poison
             ... on level 9 of the Dungeon.
             The game lasted 00:07:18 (7052 turns).

Delamore the Spear-Bearer (Formicid Fighter)        Turns: 7052, Time: 00:07:18

Health: 0/68       AC:  6    Str: 24    XL:     9   Next: 26%
Magic:  9/9        EV:  8    Int:  8    God:
Gold:   245        SH: 11    Dex: 10    Spells: 8/8 levels left

rFire    . . .     SeeInvis +   h - +2 whip (drain)
rCold    . . .     Faith    .   c - +1 kite shield
rNeg     . . .     Spirit   .   b - +0 scale mail
rPois    .         Reflect  .   (helmet unavailable)
rElec    .         Harm     .   (no cloak)
rCorr    .         Rampage  .   (no gloves)
Will     .....                  (no boots)
Stlth    ..........             (no amulet)
HPRegen  0.21/turn              (no ring)
MPRegen  0.11/turn              (no ring)

@: lethally poisoned (0 -> -22)
A: permanent stasis, dig shafts and tunnels, antennae 3, four strong arms
a: Dig, Shaft Self


You were on level 9 of the Dungeon.
You visited 1 branch of the dungeon, and saw 7 of its levels.

You collected 245 gold pieces.

Inventory:

Hand Weapons
 a - a +0 war axe
 h - a +2 whip of draining (weapon)
 p - a +0 spear of pain
Missiles
 f - 9 poisoned darts
 i - 3 atropa-tipped darts
Armour
 b - a +0 scale mail (worn)
 c - a +1 kite shield (worn)
 d - the +1 leather armour of the Lotus Blossom {Harm Str+3 Dex+4}
   (You found it on level 4 of the Dungeon)

   Str:       It affects your strength (+3).
   Dex:       It affects your dexterity (+4).
   Harm:      It increases damage dealt and taken.
Wands
 m - a wand of flame (16)
 q - a wand of iceblast (7)
Scrolls
 j - a scroll of immolation
 k - a scroll of noise
Potions
 e - 3 potions of flight
 g - a potion of attraction
 l - 2 potions of haste {unknown}
 n - a potion of lignification {unknown}
 o - a potion of cancellation {unknown}
 r - a potion of curing {unknown}


   Skills:
 - Level 5.0 Fighting
 - Level 6.6(8.4) Axes
 + Level 8.1(9.2) Polearms
 - Level 3.2 Armour
 - Level 5.0 Shields


You had 8 spell levels left.
You didn't know any spells.
Your spell library contained the following spells:

 Spells                   Type           Power      Damage    Failure   Level
 Magic Dart               Conj           0%         1d3       94%         1
 Sandblast                Erth           0%         2d4       94%         1
 Call Imp                 Summ           0%         N/A       98%         2
 Mephitic Cloud           Conj/Pois/Air  0%         N/A       100%        3
 Petrify                  Tmut/Erth      0%         N/A       100%        4
 Lee's Rapid Deconstruct  Erth           0%         3d5*      100%        5
 Orb of Destruction       Conj           0%         N/A       100%        7


Dungeon Overview and Level Annotations

Branches:
Dungeon (6/15)
 Temple: D:4-7

Altars:
Cheibriados
Okawaru
Wu Jian
Xom
Zin

Shops:
D:4 ((


Innate Abilities, Weirdness & Mutations

You cannot be hasted, slowed, berserked, paralysed or teleported.
You can dig through walls and to a lower floor.
You have a pair of large antennae on your head. (SInv)
Your four strong arms can wield two-handed weapons with a shield.


Message History

You feel very sick. The killer bee barely misses you.
The killer bee closely misses you. The killer bee stings you.
You are more poisoned.
The killer bee poisons you!
The killer bee stings you but does no damage.
You miss the killer bee.
You feel very sick. The killer bee stings you.
You block the killer bee's attack.
The killer bee stings you but does no damage.
The killer bee completely misses you. The killer bee stings you.
You are lethally poisoned!
The killer bee poisons you!
You are too injured to fight recklessly!
You are too injured to fight recklessly!
You are too injured to fight recklessly!
You are too injured to fight recklessly!
You are too injured to fight recklessly!
You are too injured to fight recklessly!
You are too injured to fight recklessly!
You are too injured to fight recklessly!
You are too injured to fight recklessly!
You are too injured to fight recklessly!
You are too injured to fight recklessly!
You are too injured to fight recklessly!
You are too injured to fight recklessly!
You are too injured to fight recklessly!
You are too injured to fight recklessly!
Okay, then.
Your shield and scale mail prevent you from hitting the killer bee.
* * * LOW HITPOINT WARNING * * *
You feel very sick. You block the killer bee's attack.
The killer bee stings you but does no damage.
The killer bee stings you.
* * * LOW HITPOINT WARNING * * *
The killer bee stings you!
* * * LOW HITPOINT WARNING * * *
You miss the killer bee.
You die...

..#### .......
..... .### ....
.....## ...####
.......##.....#
#..#.....#
......#.yy....#
...{. ###@....#
.y.. #.....#
... #.....# .y
#.....# y {
#.....# {
#.....# #######


You could see 2 killer bees.

Vanquished Creatures
  Sigmund (D:5)
  Eustachio (D:4)
  An orc warrior (D:4)
  An ogre (D:5)
  2 phantoms
  A gnoll sergeant (D:6)
  3 scorpions
  A wyvern zombie (D:6)
  A water moccasin skeleton (D:2)
  A killer bee (D:9)
  A centaur zombie (D:6)
  A gnoll shaman (D:4)
  A jelly (D:3)
  A bullfrog zombie (D:6)
  2 hounds
  2 centaur skeletons (D:6)
  A scorpion zombie (D:3)
  Jessica (D:3)
  An iguana (D:6)
  Natasha (thrice) (D:4)
  A killer bee zombie (D:6)
  A hound skeleton (D:4)
  A howler monkey zombie (D:6)
  A mummy (D:5)
  11 gnolls
  2 howler monkey skeletons
  3 adders
  A white imp (D:6)
  A worm (D:3)
  A dart slug (D:4)
  8 orcs
  5 ball pythons
  8 endoplasms
  3 giant cockroaches
  8 goblins
  4 hobgoblins
  9 jackals (D:3)
  5 quokkas
  7 bats
  4 frilled lizards (D:2)
  12 kobolds
  4 rats
127 creatures vanquished.

Vanquished Creatures (collateral kills)
  A bat (D:2)
  A frilled lizard (D:2)
2 creatures vanquished.

Grand Total: 129 creatures vanquished

Notes
Turn   | Place    | Note
-------+----------+-------------------------------------------
     0 | D:1      | Delamore the Formicid Fighter began the quest for the Orb.
     0 | D:1      | Reached XP level 1. HP: 18/18 MP: 1/1
   211 | D:1      | Reached XP level 2. HP: 22/24 MP: 2/2
   900 | D:2      | Reached XP level 3. HP: 28/29 MP: 3/3
  1296 | D:2      | Reached XP level 4. HP: 18/37 MP: 4/4
  1820 | D:3      | Reached XP level 5. HP: 29/38 MP: 5/5
  2280 | D:3      | Reached XP level 6. HP: 29/49 MP: 6/6
  2488 | D:3      | Noticed Jessica
  2509 | D:3      | Killed Jessica
  2510 | D:3      | Reached skill level 5 in Shields
  3220 | D:4      | Reached skill level 5 in Axes
  3406 | D:4      | Got the Volume of Stones and Battle Magic
  3440 | D:4      | Noticed Natasha
  3450 | D:4      | Killed Natasha
  3490 | D:4      | Noticed Natasha
  3494 | D:4      | Killed Natasha
  3495 | D:4      | Reached skill level 5 in Fighting
  3495 | D:4      | Reached XP level 7. HP: 56/56 MP: 7/7
  3509 | D:4      | Found Yhiorr Gugg's Antique Weapon Boutique.
  3596 | D:4      | Noticed Natasha
  3602 | D:4      | Killed Natasha
  3629 | D:4      | Found Guochek's Jewellery Shoppe.
  3787 | D:4      | Found a glowing silver altar of Zin.
  3787 | D:4      | Found a shimmering altar of Xom.
  3890 | D:4      | Found Vataeg's Antique Weapon Shoppe.
  4287 | D:4      | Identified the +1 leather armour of the Lotus Blossom {Harm
                  | Str+3 Dex+4}
  4300 | D:4      | Noticed Eustachio
  4345 | D:4      | Killed Eustachio
  4346 | D:4      | Reached skill level 2 in Polearms
  4346 | D:4      | Reached XP level 8. HP: 23/62 MP: 8/8
  4353 | D:4      | Reached skill level 3 in Polearms
  4844 | D:4      | Found an iron altar of Okawaru.
  4846 | D:4      | Found an ornate altar of the Wu Jian Council.
  4866 | D:5      | Entered Level 5 of the Dungeon
  4867 | D:5      | Noticed Sigmund
  4894 | D:5      | Killed Sigmund
  4895 | D:5      | Reached skill level 4 in Polearms
  5141 | D:5      | Reached skill level 5 in Polearms
  5155 | D:5      | Found a snail-covered altar of Cheibriados.
  5465 | D:5      | Reached skill level 6 in Polearms
  5825 | D:6      | Reached XP level 9. HP: 12/68 MP: 9/9
  6136 | D:6      | Reached skill level 7 in Polearms
  6736 | D:6      | Noticed a troll
  6778 | D:6      | You fall into a shaft and drop 3 floors!
  7046 | D:9      | Reached skill level 8 in Polearms
  7052 | D:9      | Succumbed to a killer bee's poison

Illustrated notes

Levels and vault maps discovered:
D:1:      dpeg_arrival_oval, layout_loops_ring, st_stairs_12
D:2:      layout_basic, wad_floor_pattern_untrapped
D:3:      layout_loops_ring, minmay_starry_boxes, uniq_jessica
D:4:      layout_loops_ring, nicolae_overflow_hidden_temple, serial_shops, shop,
          shop, kennysheep_little_box, serial_park_tiny_2,
          minmay_misc_feat_cross, uniq_eustachio, uniq_natasha
D:5:      layout_rooms, slow_altar_1, uniq_sigmund
D:6:      layout_cave_pods, minmay_temple_entry_glassed_door, serial_undead,
          serial_undead_a, serial_undead_e, serial_undead_f, serial_undead_e,
          serial_undead_e, serial_undead_d
D:9:      layout_rooms

Skill      XL: |  1  2  3  4  5  6  7  8  9 |
---------------+----------------------------+-----
Shields        | 4 5 |  5.0
Fighting       | 4 5 |  5.0
Axes           | 3 4 5 6 |  6.6
Polearms       | 2 6 8 |  8.1
Armour         | |  3.2

Action                   |  1- 3 |  4- 6 |  7- 9 || total
-------------------------+-------+-------+-------++-------
Melee: War axe           |   103 |    36 |       ||   139
       Whip              |       |   142 |   332 ||   474
Throw: Dart              |       |       |    15 ||    15
 Abil: Dig               |       |     1 |     1 ||     2
       Shaft Self        |       |       |     1 ||     1
Evoke: Wand              |       |       |     1 ||     1
  Use: Scroll            |     3 |     4 |     1 ||     8
       Potion            |       |       |     4 ||     4
 Stab: Invisible         |       |       |     2 ||     2
Armor: Scale mail        |    56 |    49 |   105 ||   210
Dodge: Dodged            |    42 |    48 |   113 ||   203
Block: Kite shield       |    70 |    86 |   228 ||   384
